AoeStats
← bathi90dn

Black Forest

509291552Analyzed
4v4 RM · 6d ago on Sep 26, 2026· 53m 10s· 8 players
Game mode
Random Map
Map size
Large (8 player)
Population
200
Speed
Normal
Resources
Standard
Victory
Conquest
Starting age
Dark Age
Ending age
Imperial Age
RankedLock teamsTeams togetherTeam positionsShared explorationLock speedFull tech treeHidden civsTurbo modeCheats
Victory
Defeat
🇺🇸 Hindustanis · United States
1720
+11
🇮🇳 Malians · India
1692
+12
🇺🇸 Jurchens · United States
1632
+15
🇺🇸 Romans · United States
1557
+17
🇻🇳 Celts · Vietnam
1634
-15
🇭🇰 Bengalis · Hong Kong SAR China
1612
-14
🇨🇳 Danes · China
1606
-14
🇭🇰 Teutons · Hong Kong SAR China
1560
-12
uchida_inori
10:34 Feudal Age
14:34 Castle Age
14:15 Horse Collar
14:20 Double-Bit Axe
15:39 Bow Saw
15:30 Heavy Plow
22:34 Wheelbarrow
21:44 Loom
23:55 Hand Cart
24:38 Heavy Plow
24:55 Gold Mining
30:38 Imperial Age
30:43 Masonry
31:26 Padded Archer Armor
31:18 Fletching
31:47 Heavy Mounted Crossbowman
32:46 Bodkin Arrow
34:17 Chemistry
34:03 Gold Shaft Mining
32:57 Elite Skirmisher
32:58 Cranequins
36:06 Bracer
36:53 Thumb Ring
37:37 Block Printing
37:32 Redemption
38:47 Ballistics
38:15 Hamask
40:31 Leather Archer Armor
43:04 Ring Archer Armor
43:07 Caravan
43:39 Coinage
43:15 Stone Mining
44:18 Husbandry
44:29 Bloodlines
44:20 Guard Tower
44:16 Arrowslits
45:45 Banking
45:53 Scale Mail Armor
45:25 Light Cavalry
49:11 Conscription
49:27 Hoardings
48:14 Northmen's Fury
bathi90dn
10:47 Feudal Age
11:20 Feudal Age
10:38 Loom
12:07 Double-Bit Axe
12:20 Horse Collar
15:14 Castle Age
15:06 Wheelbarrow
14:43 Gold Mining
16:13 Bow Saw
16:14 Heavy Plow
23:01 Stone Mining
26:41 Caravan
30:04 Imperial Age
27:58 Forging
29:47 Iron Casting
30:30 Ballistics
30:09 Capped Ram
30:11 Elite Woad Raider
32:29 Blast Furnace
31:30 Scale Mail Armor
32:24 Heavy Scorpion
34:15 Chemistry
34:08 Chain Mail Armor
34:21 Conscription
35:24 Furor Celtica
36:12 Plate Mail Armor
36:30 Siege Ram
40:53 Pikeman
43:15 Halberdier
dennis2_02
5:17 Loom
11:19 Feudal Age
15:02 Castle Age
12:49 Double-Bit Axe
13:52 Horse Collar
16:32 Bow Saw
17:20 Heavy Plow
25:47 Wheelbarrow
30:55 Imperial Age
28:24 Stone Mining
28:24 Gold Mining
29:02 Scale Barding Armor
29:07 Forging
30:04 Bloodlines
30:27 Chain Barding Armor
31:10 Iron Casting
31:00 Cavalier
32:50 Plate Barding Armor
32:23 Paladin
34:57 Blast Furnace
35:48 Conscription
36:31 Chemistry
36:38 Caravan
38:29 Padded Archer Armor
40:44 Scale Mail Armor
41:00 Leather Archer Armor
43:54 Ring Archer Armor
th0m45
10:45 Feudal Age
11:53 Double-Bit Axe
14:28 Castle Age
13:10 Gold Mining
14:30 Horse Collar
15:59 Loom
18:49 Sanctity
18:47 Fervor
28:37 Wheelbarrow
32:33 Redemption
33:54 Hand Cart
37:46 Imperial Age
43:04 Caravan
43:06 Fletching
43:53 Bodkin Arrow
43:59 Padded Archer Armor
44:22 Ballistics
43:29 Elite Elephant Archer
47:00 Bow Saw
48:20 Bracer
49:10 Leather Archer Armor
49:38 Husbandry
49:54 Bloodlines
Valar
1:04 Loom
9:52 Feudal Age
10:39 Double-Bit Axe
15:38 Castle Age
13:47 Horse Collar
17:21 Loom
22:51 Forging
28:04 Wheelbarrow
28:13 Bow Saw
29:29 Devotion
32:32 Imperial Age
30:37 Squires
30:24 Arson
30:42 Devotion
31:02 Heavy Plow
32:19 Hand Cart
32:43 Scale Barding Armor
33:14 Iron Casting
33:42 Coinage
33:05 Stone Mining
33:06 Gold Mining
34:01 Chain Barding Armor
34:08 Caravan
34:42 Bloodlines
34:54 Cavalier
35:35 Husbandry
37:18 Plate Barding Armor
39:32 Farimba
41:05 Banking
45:45 Heavy Camel Rider
47:17 Onager
52:28 Crop Rotation
Water
4:55 Loom
10:04 Feudal Age
10:19 Feudal Age
10:24 Feudal Age
11:55 Double-Bit Axe
14:26 Castle Age
13:07 Horse Collar
15:19 Bow Saw
17:06 Gold Mining
17:33 Heavy Plow
19:07 Wheelbarrow
23:00 Imperial Age
23:03 Padded Archer Armor
24:48 Chemistry
24:05 Leather Archer Armor
27:49 Hand Cart
38:28 Ring Archer Armor
41:47 Shatagni
42:08 Conscription
41:49 Scale Mail Armor
42:09 Caravan
48:30 Siege Engineers
MrWrong
0:37 Loom
10:24 Feudal Age
11:06 Double-Bit Axe
17:55 Castle Age
15:58 Horse Collar
17:51 Town Watch
18:58 Bow Saw
20:50 Wheelbarrow
20:17 Heavy Plow
21:18 Fletching
23:15 Bodkin Arrow
31:16 Imperial Age
28:54 Gold Mining
29:23 Stone Mining
30:01 Scale Mail Armor
29:29 Man-at-Arms
30:10 Squires
30:53 Hand Cart
30:50 Forging
31:02 Chain Mail Armor
30:21 Long Swordsman
32:10 Iron Casting
32:20 Conscription
31:42 Legionary
35:08 Comitatenses
35:26 Caravan
36:46 Blast Furnace
41:31 Scale Barding Armor
42:37 Chain Barding Armor
42:00 Cavalier
42:51 Bloodlines
42:42 Husbandry
44:05 Plate Barding Armor
45:26 Elite Centurion
51:02 Ballistas
51:05 Siege Engineers
51:21 Ballistics
52:01 Chemistry
50:46 Heavy Scorpion
51:58 Guilds
Lathkore
11:13 Feudal Age
15:13 Castle Age
13:09 Double-Bit Axe
13:33 Horse Collar
16:43 Bow Saw
16:34 Heavy Plow
21:02 Wheelbarrow
23:04 Hand Cart
22:42 Gold Mining
23:01 Stone Mining
23:10 Loom
28:24 Imperial Age
26:52 Scale Mail Armor
27:02 Forging
28:22 Chain Mail Armor
29:11 Squires
29:48 Iron Casting
28:36 Elite Fire Lancer
30:28 Chemistry
30:23 Conscription
30:50 Conscription
31:59 Blast Furnace
31:26 Pikeman
32:12 Halberdier
34:59 Devotion
35:27 Siege Engineers
39:01 Caravan
41:26 Two-Man Saw
41:10 Coinage
40:46 Fletching
41:48 Ballistics
41:24 Bodkin Arrow
45:38 Banking
47:24 Bracer
48:09 Heavy Rocket Cart
Connection lost

Rejoining the realm…

Still unreachable

The connection could not be restored.

Session expired

The server has moved on; the page needs a fresh start.